 Dungeon Crawl Stone Soup version 0.21.1-1-g345015fe64 (webtiles) character file.

210 NullDivider the Sneak (level 5, -1/36 HPs)
             Began as an Octopode Assassin on May 9, 2018.
             Slain by Grinder (7 damage)
             ... while paralysed by Grinder
             ... on level 3 of the Dungeon.
             The game lasted 00:07:31 (3080 turns).

NullDivider the Sneak (Octopode Assassin)           Turns: 3080, Time: 00:07:32

Health: -1/36      AC:  1    Str: 11    XL:     5   Next: 88%
Magic:  5/5        EV:  2    Int: 13    God:
Gold:   161        SH:  0    Dex: 14    Spells: 4/4 levels left

rFire    . . .     SeeInvis .   a - +2 dagger
rCold    . . .     Gourm    .   (no shield)
rNeg     . . .     Faith    .   (helmet restricted)
rPois    .         Spirit   .   (no amulet)
rElec    .         Reflect  .   (no ring)
rCorr    .         Harm     .   (no ring)
MR       .....                  (no ring)
Stlth    ++++......             (no ring)
HPRegen  0.12/turn              (no ring)
MPRegen  0.09/turn              (no ring)
                                (no ring)
                                (no ring)

@: paralysed
A: almost no armour, stealthy swim, amphibious, 8 rings, constrict 8, camouflage
1, gelatinous body 1
a: no special abilities


You were on level 3 of the Dungeon.
You were not hungry.

You visited 1 branch of the dungeon, and saw 3 of its levels.

You collected 161 gold pieces.

Inventory:

Hand Weapons
 a - a +2 dagger (weapon)
 b - a +0 blowgun
 q - a +0 short sword of holy wrath
Missiles
 c - 23 poisoned needles
 d - 2 curare-tipped needles
Scrolls
 e - 2 scrolls of remove curse {unknown}
 i - a scroll of noise {unknown}
 j - 2 scrolls of teleportation {unknown}
 l - a scroll of fear {unknown}
 m - a scroll of blinking {unknown}
 r - a scroll of enchant armour {unknown}
Potions
 g - a potion of heal wounds {unknown}
 h - a potion of ambrosia {unknown}
 k - a potion of berserk rage {unknown}
 n - a potion of haste {unknown}
 o - a potion of might {unknown}
 p - a potion of curing {unknown}
Comestibles
 f - 3 rations


   Skills:
 * Level 3.4 Fighting
 * Level 3.4 Short Blades
 + Level 2.6 Throwing
 * Level 2.8 Dodging
 + Level 5.9 Stealth


You had 4 spell levels left.
You didn't know any spells.

Dungeon Overview and Level Annotations

Branches:
Dungeon (3/15)

Altars:
Makhleb
Okawaru
Uskayaw
Wu Jian
Yredelemnul

Annotations:
D:3 Grinder


Innate Abilities, Weirdness & Mutations

You cannot wear most types of armour.
You are very stealthy in the water. (Stealth+)
You are amphibious.
You can wear up to eight rings at the same time.
You can use your tentacles to constrict eight enemies at once.
Your skin changes colour to match your surroundings (Stealth+).
Your rubbery body absorbs attacks. (AC +1, EV +1)


Message History

Grinder gestures at you. You resist with significant effort.
Grinder blinks!
You can move again.
You hit Grinder. Your grab misses Grinder.
Grinder is lightly wounded.
Grinder closely misses you. Grinder hits you!
You writhe in agony.
Grinder gestures at you.
You suddenly lose the ability to move!
Grinder hits you. x2
You writhe in agony.
Grinder gestures at you.
You shrug off the repeated paralysis!
Grinder hits you.
* * * LOW HITPOINT WARNING * * *
Grinder hits you.
* * * LOW HITPOINT WARNING * * *
Grinder hits you!
You die...

######## #.....#######.###.#
#......# #.....#####.#.# #.#
#......# #...........#.# #.#
#......# #<...######)#.# #.#
#......# ###'## #.#.# #.#
#......# #.# #.#.# #.#
#......# #.# #.#.###'#
#......######'#######.#.##...
#...........@......##.#.##...
######.....5.......##.#.##...
#.............'..#.##...
#.............####.##...
#.............# #.###'#
#.............# #.# #.#
#.............# #.# #.#
#.............# #.###..
#............ #......


You could see Grinder.

Vanquished Creatures
  The ghost of Freyura the Skirmisher, a weakling NaFi (D:3)
  An orc priest (D:3)
  An orc wizard (D:3)
  6 adders
  2 worms
  A dart slug (D:2)
  A leopard gecko (D:2)
  An orc (D:3)
  A giant cockroach (D:2)
  5 goblins
  7 hobgoblins
  4 kobolds
  A quokka (D:2)
  A ball python (D:2)
  7 bats
  4 frilled lizards (D:1)
  6 rats
50 creatures vanquished.

Notes
Turn   | Place    | Note
-------+----------+-------------------------------------------
     0 | D:1      | NullDivider the Octopode Assassin began the quest for the Orb.
     0 | D:1      | Reached XP level 1. HP: 14/14 MP: 1/1
   149 | D:1      | Reached XP level 2. HP: 17/19 MP: 2/2
   814 | D:2      | Found a basalt altar of Yredelemnul.
   821 | D:2      | Found an iron altar of Okawaru.
   828 | D:2      | Found a burning altar of Makhleb.
   884 | D:2      | Reached XP level 3. HP: 25/25 MP: 3/3
  1257 | D:3      | Noticed Freyura's ghost (weakling NaFi)
  1499 | D:3      | Reached XP level 4. HP: 17/30 MP: 4/4
  1502 | D:3      | Reached XP level 5. HP: 5/36 MP: 5/5
  2088 | D:3      | Found a hide-covered altar of Uskayaw.
  2088 | D:3      | Noticed a hand axe
  2089 | D:3      | Noticed a hand axe
  2560 | D:3      | Found an ornate altar of the Wu Jian Council.
  2822 | D:3      | Killed Freyura's ghost
  3061 | D:3      | Noticed Grinder
  3063 | D:3      | Paralysed by Grinder for 7 turns
  3074 | D:3      | Paralysed by Grinder for 7 turns
  3080 | D:3      | Slain by Grinder

Skill      XL: |  1  2  3  4 |
---------------+-------------+-----
Dodging        | 2 |  2.8
Fighting       | 3 |  3.4
Short Blades   | 3 |  3.4
Throwing       | |  2.6
Stealth        | |  5.9

Action                   |  1- 3 |  4- 6 || total
-------------------------+-------+-------++-------
Melee: Dagger            |    61 |    32 ||    93
       Constrict         |    11 |     6 ||    17
       Tentacles         |    10 |    10 ||    20
       Short sword       |       |     9 ||     9
 Stab: Sleeping          |    16 |     5 ||    21
  Eat: Chunk             |     2 |     5 ||     7
Armor: Skin              |     4 |       ||     4
Dodge: Dodged            |    26 |    19 ||    45
